 Dungeon Crawl Stone Soup version 0.31-a0-185-g9dded2c639 (webtiles) character file.

Game seed: 10866471681463516332

165 qw the Skirmisher (level 5, 0/29 HPs)
             Began as a Deep Elf Hunter on June 22, 2023.
             Killed from afar by an orc wizard (5 damage)
             ... with a magic dart
             ... on level 3 of the Dungeon.
             The game lasted 00:00:44 (1573 turns).

qw the Skirmisher (Deep Elf Hunter)                 Turns: 1573, Time: 00:00:44

Health: 0/29       AC:  5    Str: 10    XL:     5   Next: 21%
Magic:  7/7        EV: 11    Int: 14    God:
Gold:   144        SH:  0    Dex: 18    Spells: 4/4 levels left

rFire   . . .        Y - +0 shortbow
rCold   . . .        (shield currently unavailable)
rNeg    . . .        f - +0 ring mail
rPois   .            (no helmet)
rElec   .            (no cloak)
rCorr   .            (no gloves)
SInv    .            (no boots)
Will    .....        (no amulet)
Stlth   +            (no ring)
HPRegen 0.24/turn    (no ring)
MPRegen 0.10/turn

%: no passive effects
@: about to teleport
A: no striking features
a: no special abilities


You were on level 3 of the Dungeon.
You visited 1 branch of the dungeon, and saw 3 of its levels.

You collected 144 gold pieces.


   Skills:
 - Level 1.5 Fighting
 + Level 8.7 Ranged Weapons
 - Level 2.4 Dodging
 - Level 1.2 Stealth


You had 4 spell levels left.
You didn't know any spells.
Your spell library was empty.

Inventory:

Hand Weapons
 Y - a +0 shortbow (weapon)
Armour
 d - the +4 scale mail of the Loofah {Will+ Str+2}
   (You found it on level 3 of the Dungeon)

   Str:       It affects your strength (+2).
   Will:      It increases your willpower.
 f - a +0 ring mail (worn)
Jewellery
 b - a ring of willpower
Scrolls
 a - a scroll of identify

Dungeon Overview and Level Annotations

Branches:
Dungeon (3/15)

Altars:
Sif Muna
Wu Jian

Annotations:
D:3 1 transporter, qw's ghost, amateur DEHu


Message History

You shoot an arrow. The arrow hits the orc!
You kill the orc!
The orc wizard gestures wildly while chanting.
The orc wizard flickers and vanishes!
1559 ||| FLEEEEING.
Enter note:
Enter note:
Enter note:
Enter note:
1560 ||| STILL FLEEEEING.
1561 ||| STILL FLEEEEING.
You shoot an arrow. The arrow barely misses the orc wizard.
The orc wizard points at you and mumbles some strange words.
You are confused.
Something hits you. Something hits you.
You hear some strange, mumbled words.
The orc wizard hits you with a +0 dagger.
The orc wizard gestures at you while chanting.
You are more confused.
The orc wizard closely misses you. Something hits you.
The orc wizard hits you with a +0 dagger.
Something hits you but does no damage.
The orc wizard points at you and mumbles some strange words.
The magic dart hits you.
You hear some strange, mumbled words.
A magic dart appears from out of thin air!
The magic dart hits you. The orc wizard barely misses you. Something hits you.
The orc wizard barely misses you.
You hear some strange, mumbled words.
Something tries to affect you, but you resist.
You feel less confused. The orc wizard barely misses you. Something hits you.
1573 ||| READING scroll of teleportation.
As you read the scroll of teleportation, it crumbles to dust.
You feel strangely unstable.
The orc wizard gestures at you while chanting.
The magic dart hits you.
You die...

~~~~~#..##.........P~P~~~.##
~~~~7#..###.....#..#.~P..##
~~~~~#..................##
~~~7...######..##..###### ..
. .## #..##..# #..##..#
#..##..# ..##.<##..#
......o@{.# ..##..##{##
#..##g# # #.# .og...%)#
.....#### .?.. ###


You could see an orc wizard and a goblin.

Vanquished Creatures
  An orc priest (D:3)
  4 gnolls (D:2)
  3 adders (D:2)
  3 worms (D:2)
  A dart slug (D:3)
  5 orcs (D:3)
  5 endoplasms
  2 giant cockroaches
  2 goblins
  4 hobgoblins
  2 jackals (D:3)
  A kobold (D:2)
  3 quokkas
  6 ball pythons
  9 bats
  3 frilled lizards
  4 rats
58 creatures vanquished.

Notes
Turn   | Place    | Note
-------+----------+-------------------------------------------
     0 | D:1      | qw the Deep Elf Hunter began the quest for the Orb.
     0 | D:1      | Reached XP level 1. HP: 12/12 MP: 3/3
     0 | D:1      | 0 ||| qw: Version: 0.3-a-9-g12657ce
     0 | D:1      | 0 ||| qw: Game counter: 1871
     0 | D:1      | 0 ||| qw: Always use a shield: true
     0 | D:1      | 0 ||| qw: God list: Okawaru
     0 | D:1      | 0 ||| qw: Allow faded altars: false
     0 | D:1      | 0 ||| qw: Do Orc after D:15 true
     0 | D:1      | 0 ||| qw: Do second Lair branch before Depths: true
     0 | D:1      | 0 ||| qw: Lair rune preference: random
     0 | D:1      | 0 ||| qw: Plans: Normal
     0 | D:1      | 0 ||| PLANNING D:1-11
   206 | D:1      | Reached skill level 6 in Ranged Weapons
   206 | D:1      | Reached XP level 2. HP: 14/16 MP: 4/4
   446 | D:1      | 446 ||| UPGRADING to +0 ring mail.
   456 | D:1      | 456 ||| DROPPING +0 leather armour.
   457 | D:1      | 457 ||| READING 2 scrolls labelled WUR HEBUDDIE.
   458 | D:1      | 458 ||| READING scroll labelled ETHRIT VYMAKUE.
   459 | D:1      | 459 ||| READING scroll labelled POIKLE ACIECVOISS.
   464 | D:1      | 464 ||| READING scroll labelled OMAYTR JEUKLEH.
   465 | D:1      | 465 ||| DROPPING scroll of butterflies.
   486 | D:2      | Found an ornate altar of the Wu Jian Council.
   619 | D:2      | Reached XP level 3. HP: 20/20 MP: 5/5
   653 | D:2      | Reached skill level 7 in Ranged Weapons
   805 | D:2      | Reached XP level 4. HP: 25/25 MP: 6/6
   944 | D:2      | Reached skill level 8 in Ranged Weapons
  1175 | D:2      | 1175 ||| DROPPING ring of magical power.
  1176 | D:2      | 1176 ||| READING scroll labelled BARHEVV AMEO.
  1177 | D:2      | 1177 ||| DRINKING 3 dark potions.
  1178 | D:2      | 1178 ||| DROPPING 2 potions of invisibility.
  1200 | D:3      | Noticed qw's ghost (amateur DEHu)
  1200 | D:3      | Found a transporter.
  1202 | D:3      | Noticed a centaur
  1208 | D:3      | Reached XP level 5. HP: 29/29 MP: 7/7
  1257 | D:3      | Found a shimmering blue altar of Sif Muna.
  1331 | D:3      | Identified the +4 scale mail of the Loofah {Will+ Str+2}
  1559 | D:3      | 1559 ||| FLEEEEING.
  1570 | D:3      | HP: 7/29 [something (2)]
  1573 | D:3      | 1573 ||| READING scroll of teleportation.
  1573 | D:3      | Killed from afar by an orc wizard

Levels and vault maps discovered:
D:1:      noname_arrival_rooms_in_the_neighbourhood, layout_basic
D:2:      layout_loops_ring, basic_altar
D:3:      layout_loops_ring, nicolae_sif_muna_condensation, serial_bayou,
          serial_bayou_crossing, serial_bayou_lagoon_b, serial_bayou_pond_c,
          serial_bayou_pond_c, gammafunk_ghost_arena

Skill      XL: |  1  2  3  4 |
---------------+-------------+-----
Ranged Weapons | 6 7 8 |  8.7
Fighting       | |  1.5
Dodging        | |  2.4
Stealth        | |  1.2

Action                     |  1- 3 |  4- 6 || total
---------------------------+-------+-------++-------
   Fire: Shortbow          |    90 |    91 ||   181
    Use: Scroll            |     4 |     2 ||     6
         Potion            |       |     1 ||     1
 Armour: Leather armour    |     2 |       ||     2
         Ring mail         |     6 |    17 ||    23
  Dodge: Dodged            |    13 |    30 ||    43

Table legend:
 A = Non-vault XP
 B = Vault XP
 C = Vault XP percentage of total XP
 D = Non-vault monster count
 E = Vault monster count
 F = Vault count percentage of total count
                 A         B        C        D         E       F
            +---------+---------+-------+---------+---------+-------
      Total |     236 |       0 |   0.0 |      58 |       0 |   0.0
            +---------+---------+-------+---------+---------+-------
        D:1 |      23 |       0 |   0.0 |      15 |       0 |   0.0
        D:2 |     137 |       0 |   0.0 |      27 |       0 |   0.0
        D:3 |      76 |       0 |   0.0 |      16 |       0 |   0.0
            +---------+---------+-------+---------+---------+-------
